 Dungeon Crawl Stone Soup version 0.22.1-1-ga44c0e56f4 (webtiles) character file.

28 SpeedDemon the Skirmisher (level 3, -5/31 HPs)
             Began as a Ghoul Fighter on Sept 22, 2018.
             Killed by divine providence
             ... invoked by an orc priest
              (13 damage)
             ... on level 2 of the Dungeon.
             The game lasted 00:00:52 (689 turns).

SpeedDemon the Skirmisher (Ghoul Fighter)            Turns: 689, Time: 00:00:53

Health: -5/31      AC:  6    Str: 19    XL:     3   Next: 12%
Magic:  0/2        EV:  7    Int:  3    God:
Gold:   82         SH:  8    Dex:  9    Spells: 2/2 levels left

rFire    . . .     SeeInvis .     - Unarmed
rCold    + . .     Gourm    .   b - +0 shield
rNeg     + + +     Faith    .   a - +0 scale mail
rPois    ∞         Spirit   +   (no helmet)
rElec    .         Reflect  .   (no cloak)
rCorr    .         Harm     .   (no gloves)
MR       .....                  (no boots)
Stlth    ..........             j - amulet of guardian spirit
HPRegen  0.00/turn              (no ring)
MPRegen  0.08/turn              (no ring)

@: rotting
A: rotting body, claws 1, carnivore, cold resistance 1, negative energy
resistance 3, inhibited regeneration, torment resistance, unbreathing
a: no special abilities


You were on level 2 of the Dungeon.
You were not hungry.

You visited 1 branch of the dungeon, and saw 2 of its levels.

You collected 82 gold pieces.

Inventory:

Armour
 a - a +0 scale mail (worn)
 b - a +0 shield (worn)
Jewellery
 j - an amulet of guardian spirit (around neck)
Scrolls
 f - a scroll of remove curse
 g - a scroll of amnesia {unknown}
 h - a scroll of identify {unknown}
 n - a scroll of random uselessness {unknown}
 o - a scroll of immolation {unknown}
Potions
 c - a potion of might
 e - 2 potions of curing {unknown}
 i - a potion of haste {unknown}
 k - a potion of invisibility {unknown}
 m - a potion of brilliance {unknown}
Comestibles
 d - 2 rations
 l - 2 chunks of flesh


   Skills:
 + Level 3.5 Fighting
 + Level 2.9 Armour
 + Level 3.0 Shields
 * Level 3.0 Unarmed Combat


You had 2 spell levels left.
You didn't know any spells.
Your spell library was empty.

Dungeon Overview and Level Annotations

Branches:
Dungeon (2/15)

Altars:


Innate Abilities, Weirdness & Mutations

Your body is rotting away.
You thrive on raw meat.
You are immune to poison.
You have sharp fingernails.
You are carnivorous and can eat meat at any time.
Your flesh is cold resistant. (rC+)
You are immune to negative energy. (rN+++)
You do not regenerate when monsters are visible.
You are immune to unholy pain and torment.
You can survive without breathing.


Message History

You block the goblin's attack. The orc priest closely misses you.
The orc hits you but does no damage.
You scratch the orc priest.
The orc priest is almost dead.
The orc hits you with a club.
* * * LOW HITPOINT WARNING * * *
You block the orc priest's attack. The goblin hits you but does no damage.
You block the orc's attack. The orc barely misses you.
You closely miss the orc priest.
The orc priest is almost dead.
The orc hits you but does no damage. The goblin hits you but does no damage.
The orc priest miscasts a cantrip.
The orc hits you with a war axe.
* * * LOW HITPOINT WARNING * * *
Eat one of 3 chunks of flesh? (ye/n/q)
You eat one of the 3 chunks of flesh.
This raw flesh tastes great!
You block the orc's attack.
The orc priest mumbles some strange prayers to Beogh against you.
Beogh smites you!
You die...

### #.... .?# ##... ###
#.# ##.. ..# #.# ### #.#
#.# # . #..####.# #
...#.....%!#############
......g................#
#....o@.#..##########.#
#.≈..ooo#..# #...)..
#.......#..######.###.#
#.......#..............
#.......#.>.#####......
#.≈...≈.#...# #####.#
#.......#...# #.#
##.....##.... ..# #.#.##
###


You could see an orc priest, 3 orcs and a goblin.

Vanquished Creatures
  2 worms
  An orc
  4 goblins
  A hobgoblin
  3 jackals
  A kobold
  A ball python
  4 bats
  A frilled lizard
  3 rats
21 creatures vanquished.

Notes
Turn   | Place    | Note
-------+----------+-------------------------------------------
     0 | D:1      | SpeedDemon the Ghoul Fighter began the quest for the Orb.
     0 | D:1      | Reached XP level 1. HP: 19/19 MP: 0/0
   170 | D:1      | Reached XP level 2. HP: 22/26 MP: 1/1
   654 | D:2      | Reached XP level 3. HP: 23/31 MP: 2/2
   678 | D:2      | Reached skill level 3 in Shields
   678 | D:2      | Reached skill level 3 in Unarmed Combat
   687 | D:2      | HP: 3/31 [orc/club (6)]
   689 | D:2      | Killed from afar by an orc priest

Skill      XL: |  1  2  3 |
---------------+----------+-----
Shields        | 3 |  3.0
Unarmed Combat | 3 |  3.0
Fighting       | |  3.5
Armour         | |  2.9

Action                   || total
-------------------------++-------
Melee: Unarmed           ||   107
  Use: Scroll            ||     1
  Eat: Chunk             ||     8
Armor: Scale mail        ||    64
Dodge: Dodged            ||    38
Block: Shield            ||    44
